[Event "EIRCC 2019"]
[Site "Tallinn"]
[Date "2019.12.05"]
[Round "5.30"]
[White "Mohr, Georg"]
[Black "Schnabel, Ralf"]
[Result "1-0"]
[ECO "A04"]
[WhiteElo "2424"]
[BlackElo "2220"]
[Annotator "NA"]
[PlyCount "97"]
[EventDate "2019.12.05"]
[EventType "swiss"]
[EventCountry "EST"]
[SourceTitle "playchess.com"]
[Source "ChessBase"]
[SourceQuality "1"]
[TimeControl "900+10"]

1. Nf3 f5 2. c4 Nf6 3. Nc3 g6 4. g3 Bg7 5. Bg2 O-O 6. O-O d6 7. d3 c5 8. e4 fxe4 9. dxe4 Nc6 10. h3 Rb8 11. Be3 e5 12. a3 Nd4 13. Nd2 Nh5 14. b4 b6 15. Rb1 Be6 16. Kh2 Qd7 17. Nd5 Rf7 18. a4 cxb4 19. Rxb4 Nc6 20. Rb5 Na5 21. Qe2 Rc8 22. Rfb1 Qe8 23. Ra1 Nf6 24. Qd3 Nd7 25. h4 h5 26. Rb4 Nc5 27. Qb1 Bd7 28. Qa2 Qf8 29. Qc2 Kh7 30. Ra3 Bh6 31. Nf3 Ne6 32. Qe2 Bxe3 33. Qxe3 Nxc4 34. Rxc4 Rxc4 35. a5 bxa5 36. Rxa5 Bc6 37. Rxa7 Kg7 38. Bh3 Nd4 39. Rxf7+ Qxf7 40. Ng5 Qb7 41. Qa3 Bxd5 42. exd5 Rc2 43. Qxd6 Rxf2+ 44. Kg1 Rf6 45. Qxe5 Qb1+ 46. Kh2 Qc2+ 47. Bg2 Nf5 48. Ne6+ Kh7 49. Qxf6 1-0

[Event "EIRCC 2019"]
[Site "Tallinn"]
[Date "2019.12.05"]
[Round "5.31"]
[White "Krivenko, Sergey"]
[Black "D`costa, Lorin"]
[Result "1/2-1/2"]
[ECO "A45"]
[WhiteElo "2233"]
[BlackElo "2407"]
[Annotator "NA"]
[PlyCount "119"]
[EventDate "2019.12.05"]
[EventType "swiss"]
[EventCountry "EST"]
[SourceTitle "playchess.com"]
[Source "ChessBase"]
[SourceQuality "1"]
[TimeControl "900+10"]

1. d4 Nf6 2. Bg5 c5 3. Bxf6 gxf6 4. d5 Qb6 5. Qc1 f5 6. g3 Bg7 7. c3 d6 8. Bg2 Nd7 9. Nh3 h5 10. Nd2 Nf6 11. Nc4 Qa6 12. Ne3 Bd7 13. Qc2 e6 14. Qb3 Rb8 15. dxe6 fxe6 16. Nf4 d5 17. O-O Bh6 18. Nexd5 exd5 19. Nxd5 Qd6 20. Rad1 Nxd5 21. Rxd5 Qe7 22. Qa3 Be6 23. Qxa7 O-O 24. Rxc5 Rfd8 25. Qb6 Rd6 26. Qb4 b6 27. Re5 Bg7 28. Re3 Qd7 29. Qf4 Bxa2 30. Qg5 Bf7 31. Bh3 Rf6 32. Rd3 Qe6 33. Rfd1 Re8 34. Re3 Qc6 35. Rxe8+ Qxe8 36. Bxf5 Kf8 37. Bd3 Qe7 38. Ra1 Qd8 39. Be4 Bh6 40. Qe5 Kg7 41. Bd3 Qd5 42. Qxd5 Bxd5 43. Ra7+ Rf7 44. Ra6 Rb7 45. c4 Bf7 46. b4 Bd2 47. b5 Bb4 48. Be4 Rb8 49. Bd5 Kf6 50. Bxf7 Kxf7 51. Ra7+ Kg6 52. Rc7 Bc5 53. Kg2 Re8 54. Rc6+ Kg7 55. Rc7+ Kg6 56. Rc6+ Kg7 57. Rc7+ Kg6 58. Rc6+ Kg7 59. Rc7+ Kg6 60. Rc6+ 1/2-1/2

[Event "EIRCC 2019"]
[Site "Tallinn"]
[Date "2019.12.05"]
[Round "5.32"]
[White "Papasimakopoulos, Alexandros"]
[Black "Promyshlyanskiy, Vitaliy"]
[Result "1-0"]
[ECO "A40"]
[WhiteElo "2399"]
[BlackElo "2211"]
[Annotator "NA"]
[PlyCount "185"]
[EventDate "2019.12.05"]
[EventType "swiss"]
[EventCountry "EST"]
[SourceTitle "playchess.com"]
[Source "ChessBase"]
[SourceQuality "1"]
[TimeControl "900+10"]

1. d4 Nc6 2. Nf3 d6 3. c4 g6 4. d5 Nb8 5. e4 Bg7 6. Bd3 Nd7 7. h3 Nc5 8. Bc2 e5 9. b4 Na6 10. a3 Ne7 11. Nc3 O-O 12. O-O f5 13. Ng5 f4 14. f3 c5 15. Ne6 Bxe6 16. dxe6 cxb4 17. Nd5 Nc7 18. Nxc7 Qxc7 19. axb4 Rfd8 20. Bb3 Qb6+ 21. Kh1 Qxb4 22. Ba3 Qb6 23. Rb1 Qc7 24. Qd2 Kh8 25. Rfd1 Qc8 26. Bxd6 Qxe6 27. c5 Qc8 28. Qa2 Bf6 29. Be6 Qc6 30. Bd5 Nxd5 31. exd5 Qd7 32. Qb2 b6 33. Bxe5 Bxe5 34. Qxe5+ Qg7 35. Qxf4 bxc5 36. d6 Rd7 37. Rd5 Rc8 38. Qc4 Qf6 39. Rbd1 Qf7 40. Qa6 Qf8 41. Qb5 Qd8 42. Rxc5 Rb8 43. Qd3 Qf6 44. Rd5 Rbd8 45. Qa3 Kg7 46. Qc1 Kh8 47. Qc4 Kg7 48. Qa6 Kh8 49. R5d4 Kg8 50. f4 Kh8 51. g3 Kg8 52. h4 h5 53. Rd5 Kg7 54. R1d2 Qe6 55. Kh2 Rb8 56. Qd3 Rf8 57. Re5 Qf6 58. Qd5 Rfd8 59. Re6 Qf7 60. Qe5+ Kh7 61. Rd5 Rc8 62. f5 gxf5 63. Qxf5+ Qxf5 64. Rxf5 Rc2+ 65. Kh3 Rc6 66. Rxh5+ Kg7 67. Rhe5 Rcxd6 68. Rxd6 Rxd6 69. Re7+ Kg6 70. Rxa7 Rb6 71. Ra5 Rc6 72. h5+ Kh6 73. Kh4 Rb6 74. g4 Rb4 75. Ra6+ Kg7 76. h6+ Kh7 77. Kh5 Rb1 78. Ra7+ Kh8 79. g5 Rb5 80. Re7 Ra5 81. Kg6 Ra6+ 82. Kf5 Ra5+ 83. Re5 Ra8 84. g6 Rf8+ 85. Ke6 Re8+ 86. Kd6 Rg8 87. Re6 Ra8 88. Kd7 Ra7+ 89. Kc8 Ra8+ 90. Kb7 Rd8 91. Rc6 Rd7+ 92. Rc7 Rd8 93. Rc8 1-0

[Event "EIRCC 2019"]
[Site "Tallinn"]
[Date "2019.12.05"]
[Round "5.33"]
[White "Kourousis, Epaminondas"]
[Black "Brendel, Oliver"]
[Result "1/2-1/2"]
[ECO "A48"]
[WhiteElo "2392"]
[BlackElo "2203"]
[Annotator "NA"]
[PlyCount "31"]
[EventDate "2019.12.05"]
[EventType "swiss"]
[EventCountry "EST"]
[SourceTitle "playchess.com"]
[Source "ChessBase"]
[SourceQuality "1"]
[TimeControl "900+10"]

1. d4 Nf6 2. Nf3 g6 3. Nbd2 Bg7 4. e4 d5 5. e5 Nfd7 6. c3 c5 7. Bd3 Nc6 8. O-O Qb6 9. Qa4 O-O 10. Re1 cxd4 11. cxd4 Qb4 12. Qxb4 Nxb4 13. Bb1 Nb6 14. a3 Nc6 15. b3 Bd7 16. Bd3 1/2-1/2

[Event "EIRCC 2019"]
[Site "Tallinn"]
[Date "2019.12.05"]
[Round "5.34"]
[White "Chibukhchyan, Erik"]
[Black "Sipila, Vilka"]
[Result "1-0"]
[ECO "B44"]
[WhiteElo "2211"]
[BlackElo "2380"]
[Annotator "NA"]
[PlyCount "81"]
[EventDate "2019.12.05"]
[EventType "swiss"]
[EventCountry "EST"]
[SourceTitle "playchess.com"]
[Source "ChessBase"]
[SourceQuality "1"]
[TimeControl "900+10"]

1. e4 c5 2. Nf3 e6 3. d4 cxd4 4. Nxd4 Nc6 5. Nb5 d6 6. c4 Nf6 7. N1c3 a6 8. Nd4 Qa5 9. Nb3 Qc7 10. Be3 Be7 11. Rc1 O-O 12. Be2 Na5 13. O-O Bd7 14. f3 Nxb3 15. Qxb3 Bc6 16. Nd5 exd5 17. cxd5 Nd7 18. dxc6 bxc6 19. Qc2 c5 20. b4 Rfc8 21. Qd2 Qb6 22. bxc5 Nxc5 23. Bc4 Qd8 24. Rfd1 Qe8 25. Kh1 h6 26. Bf4 Rd8 27. Bd5 Rac8 28. Be3 Bf6 29. Qa5 Na4 30. Bb7 Rc3 31. Bf4 Nb2 32. Rf1 Rxc1 33. Bxc1 Nd3 34. Be3 Rb8 35. Bd5 Nb4 36. Bb3 d5 37. a3 Rb5 38. Qa4 d4 39. Bd2 Nd3 40. Bc4 Rb2 41. Qxe8+ 1-0

[Event "EIRCC 2019"]
[Site "Tallinn"]
[Date "2019.12.05"]
[Round "5.35"]
[White "Frischmann, Rick"]
[Black "Lehiste, Margus"]
[Result "1-0"]
[ECO "C42"]
[WhiteElo "2375"]
[BlackElo "2177"]
[Annotator "NA"]
[PlyCount "79"]
[EventDate "2019.12.05"]
[EventType "swiss"]
[EventCountry "EST"]
[SourceTitle "playchess.com"]
[Source "ChessBase"]
[SourceQuality "1"]
[TimeControl "900+10"]

1. e4 e5 2. Nf3 Nf6 3. Nxe5 d6 4. Nf3 Nxe4 5. Nc3 Nxc3 6. dxc3 Be7 7. Be3 Nc6 8. Qd2 a6 9. O-O-O Be6 10. Kb1 Qd7 11. Ng5 Bxg5 12. Bxg5 f6 13. Bf4 O-O-O 14. h4 g6 15. c4 Qf7 16. b3 d5 17. cxd5 Rxd5 18. Bd3 Ne5 19. Bxe5 Rxe5 20. f4 Rd5 21. Qe3 Kb8 22. Rde1 Rd6 23. h5 Rhd8 24. hxg6 hxg6 25. Kb2 a5 26. Qg3 f5 27. Rh6 Bd5 28. Qg5 a4 29. Re7 Qg8 30. Rhh7 Bxb3 31. axb3 Rxd3 32. Ref7 Rd2 33. Qe7 R2d7 34. Qxd7 Rxd7 35. Rxd7 axb3 36. Rxc7 bxc2 37. Rxb7+ Ka8 38. Ra7+ Kb8 39. Rhb7+ Kc8 40. Ra8+ 1-0

[Event "EIRCC 2019"]
[Site "Tallinn"]
[Date "2019.12.05"]
[Round "5.36"]
[White "Lazavik, Denis"]
[Black "Krutti, Valer"]
[Result "1/2-1/2"]
[ECO "A50"]
[WhiteElo "2201"]
[BlackElo "2370"]
[Annotator "NA"]
[PlyCount "63"]
[EventDate "2019.12.05"]
[EventType "swiss"]
[EventCountry "EST"]
[SourceTitle "playchess.com"]
[Source "ChessBase"]
[SourceQuality "1"]
[TimeControl "900+10"]

1. d4 Nf6 2. c4 c6 3. Nf3 d5 4. Qc2 dxc4 5. Qxc4 Bf5 6. g3 e6 7. Bg2 Nbd7 8. O-O Be7 9. Nc3 O-O 10. Re1 Bg6 11. Bg5 h6 12. Bxf6 Bxf6 13. Rad1 Qb6 14. Na4 Qa5 15. Qb3 Rab8 16. e4 Rfd8 17. Nc3 b5 18. e5 Be7 19. Ne4 c5 20. Nxc5 Nxc5 21. dxc5 Bxc5 22. a3 Qb6 23. Re2 Rxd1+ 24. Qxd1 Rd8 25. Qc1 a5 26. Rd2 Rxd2 27. Qxd2 Be4 28. Nh4 Bb1 29. Qe1 Bc2 30. Qd2 Bb1 31. Qe1 Bc2 32. Qd2 1/2-1/2

[Event "EIRCC 2019"]
[Site "Tallinn"]
[Date "2019.12.05"]
[Round "6.1"]
[White "Esipenko, Andrey"]
[Black "Riazantsev, Alexander"]
[Result "1/2-1/2"]
[ECO "D30"]
[WhiteElo "2590"]
[BlackElo "2594"]
[Annotator "ChessBase"]
[PlyCount "172"]
[EventDate "2019.12.05"]
[EventType "swiss"]
[EventCountry "EST"]
[SourceTitle "playchess.com"]
[Source "ChessBase"]
[SourceQuality "1"]
[TimeControl "900+10"]

1. d4 d5 2. c4 e6 3. Nf3 Nf6 4. g3 Bb4+ 5. Bd2 a5 6. Bg2 O-O 7. Qc2 c5 8. cxd5 cxd4 9. Nxd4 Qb6 10. e3 exd5 11. O-O Nc6 12. Nxc6 bxc6 13. Rc1 Be6 14. Nc3 c5 15. Na4 Qa7 16. Bc3 Bxc3 17. Qxc3 Rac8 18. Qa3 c4 19. Rd1 h5 20. Rd4 Rfd8 21. Rad1 Rd7 22. Nc3 Rcd8 23. Qa4 Qb6 24. Qc2 Qc5 25. R1d2 g6 26. Qd1 Kg7 27. h3 Qc7 28. Nxd5 Nxd5 29. Bxd5 Bxh3 30. Qc2 Qe5 31. Qc3 Rc8 32. Bxc4 Rdc7 33. b3 Be6 34. Qd3 Bxc4 35. bxc4 Rc5 36. Rd5 Qa1+ 37. Rd1 Qb2 38. Qb3 Qf6 39. Rxc5 Rxc5 40. Rd5 Rc7 41. Qd3 h4 42. gxh4 Qxh4 43. Qd4+ Qxd4 44. Rxd4 Rb7 45. Rd5 Rb1+ 46. Kg2 Rc1 47. Rxa5 Rxc4 48. a4 Rc2 49. e4 Ra2 50. Kg3 Ra3+ 51. f3 Kf6 52. Ra8 Kg5 53. a5 Kf6 54. a6 Ra4 55. Kf4 Ra3 56. a7 Ra4 57. Ke3 Kg7 58. Kd3 Ra3+ 59. Kc4 Ra1 60. Kd5 Rd1+ 61. Kc6 Rc1+ 62. Kd7 Rd1+ 63. Ke7 Ra1 64. f4 Ra4 65. Kd6 Ra6+ 66. Kc5 Ra1 67. Kd5 Rd1+ 68. Ke5 Ra1 69. Kd4 Rd1+ 70. Ke3 Ra1 71. Kf3 Ra3+ 72. Kg4 Ra5 73. Kf3 Ra3+ 74. Ke2 Ra2+ 75. Kd3 Ra1 76. Kd4 Ra5 77. Kc4 Ra1 78. Kd5 Ra6 79. Kc5 Ra1 80. Kd6 Ra6+ 81. Ke7 Ra4 82. e5 Ra6 83. Kd7 Ra1 84. e6 fxe6 85. Kxe6 Re1+ 86. Kd5 Ra1 1/2-1/2

[Event "EIRCC 2019"]
[Site "Tallinn"]
[Date "2019.12.05"]
[Round "6.4"]
[White "Pohjala, Henri"]
[Black "Andriasian, Zaven"]
[Result "1/2-1/2"]
[ECO "A41"]
[WhiteElo "2418"]
[BlackElo "2633"]
[Annotator "RC"]
[PlyCount "129"]
[EventDate "2019.12.05"]
[EventType "swiss"]
[EventCountry "EST"]
[SourceTitle "playchess.com"]
[Source "ChessBase"]
[SourceQuality "1"]
[TimeControl "900+10"]

1. d4 d6 2. g3 g6 3. Bg2 Bg7 4. e4 Nf6 5. Ne2 O-O 6. O-O Nbd7 7. Nbc3 e5 8. h3 Re8 9. Re1 c6 10. Be3 Qe7 11. d5 Nb6 12. a4 Qc7 13. Qd3 cxd5 14. Nb5 Qb8 15. Bxb6 axb6 16. exd5 Bf5 17. Qb3 h5 18. Nec3 Nd7 19. Re2 Nc5 20. Qc4 Qd8 21. b4 Na6 22. Ne4 Rc8 23. Qb3 Bxe4 24. Rxe4 Nc7 25. Bf1 f5 26. Rc4 Nxb5 27. Rxc8 Qxc8 28. Bxb5 Re7 29. Qe3 Qc7 30. c4 e4 31. Re1 h4 32. gxh4 Bf6 33. Kh1 Qd8 34. Qh6 Rg7 35. Rg1 Kf7 36. Rg2 Qe7 37. c5 dxc5 38. bxc5 Qxc5 39. d6 Qxd6 40. Bc4+ Ke7 41. Rxg6 Rxg6 42. Qxg6 Qe5 43. Qf7+ Kd6 44. Qxb7 Kc5 45. Bb5 Bxh4 46. Qc6+ Kb4 47. Qc4+ Ka5 48. Qc1 Be7 49. Bc6 Bd6 50. Qd2+ Ka6 51. Kg1 Qh2+ 52. Kf1 Qxh3+ 53. Ke1 Qa3 54. Bb5+ Ka7 55. Qd5 e3 56. Qf7+ Be7 57. Qxf5 exf2+ 58. Kxf2 Bc5+ 59. Kg2 Qb2+ 60. Kh3 Qh8+ 61. Kg2 Qg7+ 62. Kf3 Qc3+ 63. Qd3 Qf6+ 64. Ke2 Qf2+ 65. Kd1 1/2-1/2

[Event "EIRCC 2019"]
[Site "Tallinn"]
[Date "2019.12.05"]
[Round "6.5"]
[White "Lysyj, Igor"]
[Black "Sebenik, Matej"]
[Result "1/2-1/2"]
[ECO "E10"]
[WhiteElo "2599"]
[BlackElo "2504"]
[Annotator "ChessBase"]
[PlyCount "63"]
[EventDate "2019.12.05"]
[EventType "swiss"]
[EventCountry "EST"]
[SourceTitle "playchess.com"]
[Source "ChessBase"]
[SourceQuality "1"]
[TimeControl "900+10"]

1. d4 Nf6 2. c4 e6 3. Nf3 d5 4. g3 Bb4+ 5. Bd2 Be7 6. Bg2 O-O 7. O-O c6 8. Qb3 b6 9. Nc3 Ba6 10. cxd5 cxd5 11. Ne5 Bb7 12. Rfc1 Nfd7 13. Nd3 Nc6 14. e3 Qb8 15. a4 a6 16. Be1 Rc8 17. Na2 Qa7 18. Qd1 Na5 19. Bb4 Bxb4 20. Naxb4 Nc6 21. Nxc6 Rxc6 22. Rxc6 Bxc6 23. Rc1 Rc8 24. Rc3 a5 25. e4 dxe4 26. Bxe4 Bb7 27. Rxc8+ Bxc8 28. Qc2 Qb8 29. Qc6 Nf6 30. Ne5 Ba6 31. Bf3 Qd8 32. Qc3 1/2-1/2

[Event "EIRCC 2019"]
[Site "Tallinn"]
[Date "2019.12.05"]
[Round "6.6"]
[White "Sanal, Vahap"]
[Black "Lintchevski, Daniil"]
[Result "0-1"]
[ECO "B23"]
[WhiteElo "2597"]
[BlackElo "2515"]
[Annotator "ChessBase"]
[PlyCount "108"]
[EventDate "2019.12.05"]
[EventType "swiss"]
[EventCountry "EST"]
[SourceTitle "playchess.com"]
[Source "ChessBase"]
[SourceQuality "1"]
[TimeControl "900+10"]

1. e4 c5 2. Nc3 e6 3. Nf3 Nf6 4. e5 Nd5 5. Ne4 f5 6. Nc3 Ne7 7. d4 cxd4 8. Nb5 Ng6 9. h4 Nc6 10. Nd6+ Bxd6 11. exd6 Qa5+ 12. c3 Qd5 13. cxd4 Qxd6 14. h5 Nge7 15. h6 g6 16. Be2 b6 17. O-O Bb7 18. Bg5 O-O 19. d5 Nxd5 20. Bc4 f4 21. Bxd5 Qxd5 22. Qxd5 exd5 23. Rad1 d6 24. Nd4 Nxd4 25. Rxd4 f3 26. Rc1 fxg2 27. Rc7 Rf7 28. Rxf7 Kxf7 29. Rf4+ Kg8 30. Kxg2 Rf8 31. Rd4 Re8 32. Kg3 Re4 33. Rd3 d4 34. f3 Re5 35. Bf6 Re3 36. Rxe3 dxe3 37. Bc3 Kf7 38. Kf4 e2 39. Ke3 Ba6 40. Kf4 Ke6 41. Bd2 Bc4 42. a3 Kd5 43. Kg5 Kd4 44. Kf6 Bd3 45. f4 Be4 46. Kg7 g5 47. fxg5 Kd3 48. Be1 Kc2 49. Kf6 Kd1 50. Bg3 e1=Q 51. Bxe1 Kxe1 52. Ke6 d5 53. g6 Bxg6 54. Kxd5 Kd2 0-1

[Event "EIRCC 2019"]
[Site "Tallinn"]
[Date "2019.12.05"]
[Round "6.7"]
[White "Kulaots, Kaido"]
[Black "Gretarsson, Helgi Ass"]
[Result "1-0"]
[ECO "C60"]
[WhiteElo "2544"]
[BlackElo "2421"]
[Annotator "ChessBase"]
[PlyCount "65"]
[EventDate "2019.12.05"]
[EventType "swiss"]
[EventCountry "EST"]
[SourceTitle "playchess.com"]
[Source "ChessBase"]
[SourceQuality "1"]
[TimeControl "900+10"]

1. e4 e5 2. Nf3 Nc6 3. Bb5 g6 4. d4 exd4 5. c3 dxc3 6. Nxc3 Bg7 7. Bg5 Nce7 8. O-O h6 9. Bh4 Nf6 10. e5 Nh7 11. Qc2 g5 12. Bg3 Nf8 13. Rfe1 Ne6 14. Rad1 a6 15. Bd3 b5 16. Ne4 Nc6 17. Nf6+ Bxf6 18. exf6 Qxf6 19. Bxc7 Bb7 20. Bd6 Rc8 21. Qd2 g4 22. Ne5 Ncd4 23. Be4 Bxe4 24. Rxe4 Rc2 25. Qe1 Nf5 26. Nxg4 Qg5 27. Be5 d5 28. Rxd5 O-O 29. Nf6+ Kh8 30. Rd1 Rfc8 31. h4 Qc1 32. Kh2 Qxb2 33. Bxb2 1-0

[Event "EIRCC 2019"]
[Site "Tallinn"]
[Date "2019.12.05"]
[Round "6.8"]
[White "Seeman, Tarvo"]
[Black "Saric, Ante"]
[Result "0-1"]
[ECO "A05"]
[WhiteElo "2325"]
[BlackElo "2538"]
[Annotator "ChessBase"]
[PlyCount "88"]
[EventDate "2019.12.05"]
[EventType "swiss"]
[EventCountry "EST"]
[SourceTitle "playchess.com"]
[Source "ChessBase"]
[SourceQuality "1"]
[TimeControl "900+10"]

1. Nf3 Nf6 2. g3 g6 3. b3 Bg7 4. Bb2 d6 5. d4 c5 6. Bg2 cxd4 7. Nxd4 d5 8. O-O O-O 9. c4 dxc4 10. bxc4 Qb6 11. Qb3 Nfd7 12. e3 e5 13. Nb5 Nc5 14. Qa3 Be6 15. Nd2 Rd8 16. Rfd1 Bf8 17. Nb3 Nd3 18. Qa5 Nc6 19. Qxb6 axb6 20. Bc3 Bxc4 21. Nc7 Rac8 22. Nd2 Rxc7 23. Nxc4 Ne7 24. Nxe5 Rxc3 25. Rab1 Nc6 26. Nxd3 Rcxd3 27. Rxd3 Rxd3 28. Rxb6 Rd1+ 29. Bf1 Rd7 30. Bc4 Ne5 31. Bb3 Bc5 32. Rb5 b6 33. a4 Ra7 34. Bc2 Nf3+ 35. Kh1 Kf8 36. Bd1 Ne5 37. Kg2 Ke7 38. h3 f6 39. h4 Rd7 40. Bb3 Ra7 41. f4 Ng4 42. e4 Rd7 43. a5 Rd2+ 44. Kf1 Nh2+ 0-1

[Event "EIRCC 2019"]
[Site "Tallinn"]
[Date "2019.12.05"]
[Round "6.9"]
[White "Hjartarson, Johann"]
[Black "Van Foreest, Lucas"]
[Result "1-0"]
[ECO "E47"]
[WhiteElo "2534"]
[BlackElo "2399"]
[Annotator "ChessBase"]
[PlyCount "43"]
[EventDate "2019.12.05"]
[EventType "swiss"]
[EventCountry "EST"]
[SourceTitle "playchess.com"]
[Source "ChessBase"]
[SourceQuality "1"]
[TimeControl "900+10"]

1. d4 Nf6 2. c4 e6 3. Nc3 Bb4 4. e3 O-O 5. Bd3 c5 6. Nge2 d5 7. cxd5 cxd4 8. exd4 Nxd5 9. O-O Nc6 10. a3 Bd6 11. Bc2 Nxc3 12. bxc3 e5 13. Be3 Bg4 14. f3 exd4 15. cxd4 Be6 16. Re1 Ne7 17. Ng3 Rc8 18. Qd3 g6 19. Bh6 Bxg3 20. hxg3 Bf5 21. Qe2 Re8 22. Qe5 1-0

[Event "EIRCC 2019"]
[Site "Tallinn"]
[Date "2019.12.05"]
[Round "6.10"]
[White "Belyakov, Bogdan"]
[Black "Krupenski, Juri"]
[Result "1-0"]
[ECO "B14"]
[WhiteElo "2520"]
[BlackElo "2373"]
[Annotator "ChessBase"]
[PlyCount "61"]
[EventDate "2019.12.05"]
[EventType "swiss"]
[EventCountry "EST"]
[SourceTitle "playchess.com"]
[Source "ChessBase"]
[SourceQuality "1"]
[TimeControl "900+10"]

1. e4 c6 2. d4 d5 3. exd5 cxd5 4. c4 Nf6 5. Nc3 e6 6. Nf3 Bb4 7. cxd5 Nxd5 8. Bd2 Nc6 9. Bd3 Nf6 10. O-O O-O 11. Bg5 Be7 12. Bb1 Nb4 13. a3 Nbd5 14. Qd3 g6 15. Bh6 Re8 16. Ne5 Bd7 17. Qf3 Bc6 18. Ne4 Bf8 19. Bg5 Bg7 20. Ng4 Nxe4 21. Bxd8 Raxd8 22. Bxe4 f5 23. Ne5 fxe4 24. Qf7+ Kh8 25. Nxc6 bxc6 26. Qxa7 Nf4 27. Rad1 Nd3 28. Qc7 Nxb2 29. Rd2 Nc4 30. Re2 Nxa3 31. Qxc6 1-0

[Event "EIRCC 2019"]
[Site "Tallinn"]
[Date "2019.12.05"]
[Round "6.12"]
[White "Vorobjov, Pavel"]
[Black "Mamedov, Rauf"]
[Result "0-1"]
[ECO "A41"]
[WhiteElo "2304"]
[BlackElo "2679"]
[Annotator "RC"]
[PlyCount "56"]
[EventDate "2019.12.05"]
[EventType "swiss"]
[EventCountry "EST"]
[SourceTitle "playchess.com"]
[Source "ChessBase"]
[SourceQuality "1"]
[TimeControl "900+10"]

1. d4 d6 2. e4 g6 3. Nf3 Bg7 4. Bc4 c6 5. Bb3 Nf6 6. Qe2 O-O 7. O-O a5 8. e5 Nd5 9. c4 a4 10. Bd1 Nc7 11. Nc3 a3 12. bxa3 Bg4 13. Bf4 Ne6 14. Qe3 Rxa3 15. Bg3 Bxf3 16. Bxf3 dxe5 17. dxe5 Qa5 18. Rac1 Nd7 19. Rfe1 Ndc5 20. Bh4 g5 21. Bxg5 Nxg5 22. Qxg5 Rxc3 23. Qd2 Na4 24. Bh5 Rd8 25. Qg5 Rxc1 26. Bxf7+ Kxf7 27. e6+ Kg8 28. Qxa5 b6 0-1

[Event "EIRCC 2019"]
[Site "Tallinn"]
[Date "2019.12.05"]
[Round "6.15"]
[White "Nasibullin, Iskander"]
[Black "Postny, Evgeny"]
[Result "1/2-1/2"]
[ECO "C90"]
[WhiteElo "2270"]
[BlackElo "2598"]
[Annotator "ChessBase"]
[PlyCount "94"]
[EventDate "2019.12.05"]
[EventType "swiss"]
[EventCountry "EST"]
[SourceTitle "playchess.com"]
[Source "ChessBase"]
[SourceQuality "1"]
[TimeControl "900+10"]

1. e4 e5 2. Nf3 Nc6 3. Bb5 a6 4. Ba4 Nf6 5. d3 b5 6. Bb3 Be7 7. O-O d6 8. c3 O-O 9. Re1 Na5 10. Bc2 c5 11. Nbd2 Nc6 12. Nf1 Re8 13. Ng3 g6 14. h3 Bf8 15. d4 cxd4 16. cxd4 exd4 17. Nxd4 Nxd4 18. Qxd4 Bg7 19. Qd1 Bb7 20. Bf4 d5 21. e5 Nd7 22. e6 Rxe6 23. Rxe6 fxe6 24. Qg4 Qf6 25. Bg5 Qf7 26. h4 Ne5 27. Qe2 Nc6 28. h5 Nd4 29. Qd2 Nxc2 30. Qxc2 Rc8 31. Qd2 e5 32. h6 Bh8 33. Rc1 Qe6 34. Rxc8+ Qxc8 35. Qb4 Qc7 36. a4 bxa4 37. Qxa4 Kf7 38. Qb4 a5 39. Qb3 Bc6 40. Ne4 Ke8 41. Bf6 a4 42. Qb4 dxe4 43. Bxh8 e3 44. fxe3 Qd7 45. Qb8+ Kf7 46. Qxe5 Qd1+ 47. Kh2 Qh5+ {[%emt 0:00:05] Qd5+} 1/2-1/2

[Event "EIRCC 2019"]
[Site "Tallinn"]
[Date "2019.12.05"]
[Round "6.16"]
[White "Popov, Valerij"]
[Black "Frischmann, Rick"]
[Result "0-1"]
[ECO "A28"]
[WhiteElo "2583"]
[BlackElo "2375"]
[Annotator "ChessBase"]
[PlyCount "89"]
[EventDate "2019.12.05"]
[EventType "swiss"]
[EventCountry "EST"]
[SourceTitle "playchess.com"]
[Source "ChessBase"]
[SourceQuality "1"]
[TimeControl "900+10"]

1. Nf3 Nc6 2. c4 e5 3. Nc3 Nf6 4. e3 g6 5. d4 exd4 6. exd4 Bg7 7. d5 Ne7 8. Be2 d6 9. h3 O-O 10. O-O Re8 11. Bf4 Nf5 12. g4 Ne7 13. Bg3 h5 14. Nh2 hxg4 15. hxg4 b6 16. Qd2 Bb7 17. Rad1 Qd7 18. b3 Rad8 19. f4 c6 20. Bh4 cxd5 21. cxd5 Nfxd5 22. Nxd5 Bxd5 23. f5 gxf5 24. gxf5 Nxf5 25. Qxd5 Nxh4 26. Bb5 Qe7 27. Bxe8 Rxe8 28. Kh1 Be5 29. Ng4 Kg7 30. Rd2 Rh8 31. Kg1 Ng6 32. Rdf2 Rf8 33. Nf6 Bxf6 34. Rxf6 Qe3+ 35. R1f2 Ne5 36. Qg2+ Kh7 37. Qh2+ Kg7 38. Qg2+ Kh7 39. R6f5 Ng6 40. Qh2+ Kg7 41. Qxd6 Qe1+ 42. Kg2 Nh4+ 43. Kh3 Nxf5 44. Rg2+ Kh7 45. Qd3 0-1

[Event "EIRCC 2019"]
[Site "Tallinn"]
[Date "2019.12.05"]
[Round "6.17"]
[White "Stupak, Kirill"]
[Black "Duzhakov, Ilya"]
[Result "1/2-1/2"]
[ECO "D85"]
[WhiteElo "2552"]
[BlackElo "2351"]
[Annotator "ChessBase"]
[PlyCount "71"]
[EventDate "2019.12.05"]
[EventType "swiss"]
[EventCountry "EST"]
[SourceTitle "playchess.com"]
[Source "ChessBase"]
[SourceQuality "1"]
[TimeControl "900+10"]

1. d4 Nf6 2. c4 g6 3. Nc3 d5 4. cxd5 Nxd5 5. Nf3 Bg7 6. Na4 Bf5 7. Nh4 Bd7 8. e4 e5 9. Nf3 exd4 10. exd5 O-O 11. Be2 d3 12. Qxd3 Bxa4 13. O-O Re8 14. Be3 c6 15. Qa3 Bc2 16. Rac1 Be4 17. d6 Bf8 18. Qb3 Qxd6 19. Bc4 Qe7 20. Bc5 Qf6 21. Bxf8 Kxf8 22. Nd2 b5 23. Nxe4 Rxe4 24. Bxb5 a5 25. Bd3 Rb4 26. Qc2 Rxb2 27. Qc5+ Kg7 28. a4 Nd7 29. Qe3 Ne5 30. Be4 Rd8 31. h3 Rb4 32. Rc5 Rdd4 33. Bc2 Rdc4 34. Rxe5 Rxc2 35. Rxa5 Ra2 36. Rc5 1/2-1/2

[Event "EIRCC 2019"]
[Site "Tallinn"]
[Date "2019.12.05"]
[Round "6.18"]
[White "Chukavin, Kirill"]
[Black "Stocek, Jiri"]
[Result "1/2-1/2"]
[ECO "B56"]
[WhiteElo "2290"]
[BlackElo "2532"]
[Annotator "ChessBase"]
[PlyCount "117"]
[EventDate "2019.12.05"]
[EventType "swiss"]
[EventCountry "EST"]
[SourceTitle "playchess.com"]
[Source "ChessBase"]
[SourceQuality "1"]
[TimeControl "900+10"]

1. e4 c5 2. Nf3 d6 3. d4 cxd4 4. Nxd4 Nf6 5. Nc3 Nc6 6. g3 g6 7. Nde2 Rb8 8. a4 Bg7 9. Bg2 O-O 10. O-O b6 11. Nd5 Ba6 12. Re1 Rc8 13. c3 e6 14. Nxf6+ Qxf6 15. f4 Rfd8 16. Be3 Na5 17. Bf2 e5 18. Qc2 Bc4 19. b4 Nc6 20. f5 d5 21. fxg6 hxg6 22. exd5 Bxd5 23. Bxd5 Nxb4 24. Bxf7+ Qxf7 25. Qb1 Nd3 26. Rf1 Qf3 27. Qa2+ Qd5 28. Rfd1 Qxa2 29. Rxa2 e4 30. Bd4 Ne5 31. a5 b5 32. Kg2 Nf3 33. Nf4 Rc6 34. Re2 b4 35. Rxe4 bxc3 36. Kxf3 c2 37. Rc1 Rxd4 38. Rxd4 Bxd4 39. Nd3 Kf7 40. Ke4 Bf6 41. Ne5+ Bxe5 42. Kxe5 Re6+ 43. Kd4 Re2 44. h4 Rg2 45. Kc5 Ke6 46. Kc6 Ke5 47. g4 Kd4 48. h5 Kc3 49. hxg6 Rxg4 50. Kb7 Kb2 51. Rxc2+ Kxc2 52. Kxa7 Kc3 53. a6 Rxg6 54. Kb7 Kc4 55. a7 Rg7+ 56. Kb8 Kb5 57. a8=Q Rg8+ 58. Kb7 Rxa8 59. Kxa8 1/2-1/2

[Event "EIRCC 2019"]
[Site "Tallinn"]
[Date "2019.12.05"]
[Round "6.19"]
[White "Pershin, Denis"]
[Black "Nguyen, Thai Dai Van"]
[Result "0-1"]
[ECO "E35"]
[WhiteElo "2509"]
[BlackElo "2364"]
[Annotator "ChessBase"]
[PlyCount "62"]
[EventDate "2019.12.05"]
[EventType "swiss"]
[EventCountry "EST"]
[SourceTitle "playchess.com"]
[Source "ChessBase"]
[SourceQuality "1"]
[TimeControl "900+10"]

1. d4 Nf6 2. c4 e6 3. Nc3 Bb4 4. Qc2 d5 5. cxd5 exd5 6. Bg5 h6 7. Bh4 Nc6 8. e3 g5 9. Bg3 h5 10. h4 Ne4 11. Bh2 gxh4 12. Bd3 Qe7 13. a3 Bxc3+ 14. bxc3 Rg8 15. Kf1 Be6 16. Bf4 O-O-O 17. Nf3 h3 18. gxh3 Qd7 19. Ng1 Bf5 20. c4 Rde8 21. c5 Na5 22. h4 Nc4 23. Nf3 Bh3+ 24. Ke1 Bg2 25. Ne5 Nxe5 26. Bxe5 Bxh1 27. Rb1 Rg1+ 28. Bf1 Bg2 29. Ke2 Qg4+ 30. Kd3 Bxf1+ 31. Rxf1 Rxf1 0-1